[ AOE2 MATCH · #507866161 ]
UnrankedMongols vs Mongols
Player's team · LOSS
Rival team · WIN
[ REPLAY ANALYSIS · EXTRACTED FROM THE RECORDED GAME ]
Feudal
14:44
Castle
—
Imperial
—
| APM avg | 61.8 |
| APM peak | 96 |
| eAPM avg | 27.1 |
| Villagers / military | 45 / 4 |
Focus
⚔️ 22.5% · 🌾 77.5%
Skirmisher ×4
Feudal
8:01
Castle
—
Imperial
—
| APM avg | 82.2 |
| APM peak | 125 |
| eAPM avg | 33.2 |
| Villagers / military | 54 / 19 |
Focus
⚔️ 51.8% · 🌾 48.2%
Archer ×19
Match map
Initial resources + every placement click. Lines = walls · curves = elevation contours. ◆ gold · ⬟ stone · ● berries · ✦ relic · ◌ wall gap
Your base· Open — unwalled flank
DolunaK's base· Open — unwalled flank
Smoothed initial terrain · ◌ = detected wall gap · hover for details
Inputs per minute
— Guthrie_Govan - - DolunaK
Build order — Guthrie_Govan
126 actions detected in the replay
| 0:00 | Queue | Villager (Male) |
| 0:01 | Queue | Villager (Male) |
| 0:02 | Build | House |
| 0:03 | Build | House |
| 0:09 | Queue | Villager (Male) |
| 0:11 | Queue | Villager (Male) |
| 0:11 | Queue | Villager (Male) |
| 1:40 | Queue | Villager (Male) |
| 2:03 | Queue | Villager (Male) |
| 2:06 | Build | Lumber Camp |
| 2:16 | Queue | Villager (Male) |
| 2:16 | Queue | Villager (Male) |
| 2:45 | Queue | Villager (Male) |
| 2:46 | Queue | Villager (Male) |
| 2:46 | Queue | Villager (Male) |
| 2:59 | Build | House |
| 3:08 | Queue | Villager (Male) |
| 3:31 | Build | House |
| 3:39 | Build | House |
| 3:56 | Queue | Villager (Male) |
| 3:56 | Queue | Villager (Male) |
| 4:30 | Queue | Villager (Male) |
| 4:44 | Queue | Villager (Male) |
| 4:45 | Queue | Villager (Male) |
| 5:19 | Queue | Villager (Male) |
| 5:20 | Build | Mill |
| 5:45 | Queue | Villager (Male) |
| 6:39 | Research | Loom |
| 6:39 | Research | Loom |
| 7:19 | Build | Town Center |
| 7:27 | Build | Palisade Wall |
| 8:14 | Queue | Villager (Male) |
| 8:14 | Queue | Villager (Male) |
| 8:15 | Queue | Villager (Male) |
| 8:15 | Queue | Villager (Male) |
| 8:38 | Build | Mill |
| 9:06 | Queue | Villager (Male) |
| 9:22 | Build | Palisade Wall |
| 9:26 | Build | Palisade Wall |
| 9:30 | Build | Palisade Wall |
| 9:31 | Build | Palisade Wall |
| 9:37 | Queue | Villager (Male) |
| 9:56 | Queue | Villager (Male) |
| 10:05 | Build | House |
| 10:27 | Build | Palisade Wall |
| 10:29 | Build | Palisade Wall |
| 10:39 | Build | House |
| 10:43 | Build | House |
| 11:05 | Build | Palisade Wall |
| 11:06 | Build | Palisade Wall |
| 11:08 | Queue | Villager (Male) |
| 11:37 | Queue | Villager (Male) |
| 12:09 | Queue | Villager (Male) |
| 12:29 | Research | Feudal Age |
| 12:30 | Research | Feudal Age |
| 12:37 | Build | Mining Camp |
| 14:44 | Age | Feudal Age |
| 14:46 | Build | Watch Tower |
| 14:50 | Build | Watch Tower |
| 15:03 | Queue | Villager (Male) |
| 15:15 | Build | Barracks |
| 15:20 | Build | Palisade Wall |
| 15:29 | Build | Palisade Wall |
| 15:34 | Build | Palisade Wall |
| 15:35 | Build | Palisade Wall |
| 15:43 | Build | Palisade Wall |
| 15:44 | Build | Palisade Wall |
| 15:45 | Build | Palisade Wall |
| 15:49 | Build | Palisade Wall |
| 15:55 | Build | Palisade Wall |
| 15:55 | Build | Palisade Wall |
| 15:56 | Build | Palisade Wall |
| 15:59 | Queue | Villager (Male) |
| 16:10 | Queue | Villager (Male) |
| 16:18 | Build | Palisade Wall |
| 16:19 | Build | Palisade Wall |
| 16:20 | Build | Palisade Wall |
| 16:21 | Build | Palisade Wall |
| 16:21 | Build | Palisade Wall |
| 16:29 | Queue | Villager (Male) |
| 16:40 | Queue | Villager (Male) |
| 16:42 | Build | Archery Range |
| 16:50 | Queue | Villager (Male) |
| 16:55 | Build | Farm |
| 16:56 | Build | Farm |
| 17:00 | Queue | Villager (Male) |
| 17:17 | Queue | Villager (Male) |
| 17:20 | Build | Blacksmith |
| 17:41 | Queue | Villager (Male) |
| 17:47 | Build | Palisade Wall |
| 17:55 | Build | Palisade Wall |
| 18:02 | Queue | Skirmisher |
| 18:15 | Build | Farm |
| 18:17 | Build | House |
| 18:18 | Build | House |
| 18:21 | Build | Farm |
| 18:22 | Build | Farm |
| 18:42 | Research | Fletching |
| 18:47 | Build | Farm |
| 18:48 | Build | Farm |
| 19:19 | Queue | Villager (Male) |
| 19:23 | Build | Farm |
| 19:24 | Build | Farm |
| 19:40 | Queue | Skirmisher |
| 19:44 | Build | Watch Tower |
| 19:54 | Build | Watch Tower |
| 20:05 | Queue | Skirmisher |
| 20:20 | Build | House |
| 20:22 | Queue | Villager (Male) |
| 20:58 | Queue | Villager (Male) |
| 20:59 | Queue | Skirmisher |
| 21:08 | Build | Farm |
| 21:14 | Build | Farm |
| 21:24 | Queue | Villager (Male) |
| 21:33 | Build | Watch Tower |
| 21:36 | Queue | Villager (Male) |
| 22:01 | Build | Farm |
| 22:12 | Build | Watch Tower |
| 22:24 | Build | Farm |
| 22:24 | Build | Farm |
| 22:27 | Queue | Villager (Male) |
| 22:31 | Build | Stone Wall |
| 22:45 | Build | Stone Wall |
| 23:02 | Build | Gate |
| 23:04 | Build | Stone Wall |
| 23:06 | Build | Stone Wall |
Build order — DolunaK
136 actions detected in the replay
| 0:00 | Queue | Villager (Male) |
| 0:01 | Queue | Villager (Male) |
| 0:01 | Queue | Villager (Male) |
| 0:02 | Build | House |
| 0:03 | Build | House |
| 0:09 | Queue | Villager (Male) |
| 0:10 | Queue | Villager (Male) |
| 0:10 | Queue | Villager (Male) |
| 1:32 | Queue | Villager (Male) |
| 1:32 | Queue | Villager (Male) |
| 1:59 | Queue | Villager (Male) |
| 1:59 | Queue | Villager (Male) |
| 2:19 | Queue | Villager (Male) |
| 2:38 | Build | House |
| 2:40 | Build | Mill |
| 2:44 | Queue | Villager (Male) |
| 2:44 | Queue | Villager (Male) |
| 3:07 | Queue | Villager (Male) |
| 3:07 | Queue | Villager (Male) |
| 3:31 | Queue | Villager (Male) |
| 3:31 | Queue | Villager (Male) |
| 3:38 | Queue | Villager (Male) |
| 3:39 | Queue | Villager (Male) |
| 3:39 | Queue | Villager (Male) |
| 3:54 | Queue | Villager (Male) |
| 3:54 | Queue | Villager (Male) |
| 4:53 | Queue | Villager (Male) |
| 5:09 | Build | Lumber Camp |
| 5:17 | Queue | Villager (Male) |
| 5:48 | Research | Feudal Age |
| 5:48 | Research | Feudal Age |
| 6:18 | Queue | Villager (Male) |
| 6:26 | Research | Loom |
| 6:26 | Queue | Villager (Male) |
| 6:53 | Build | House |
| 6:59 | Build | Palisade Wall |
| 7:15 | Build | House |
| 7:18 | Build | House |
| 7:24 | Queue | Villager (Male) |
| 8:00 | Build | Barracks |
| 8:01 | Age | Feudal Age |
| 8:08 | Build | Palisade Wall |
| 8:08 | Build | Palisade Wall |
| 8:11 | Build | Palisade Wall |
| 8:22 | Queue | Villager (Male) |
| 8:29 | Build | Mining Camp |
| 8:38 | Research | Double-Bit Axe |
| 8:50 | Build | Lumber Camp |
| 8:53 | Queue | Villager (Male) |
| 9:23 | Queue | Villager (Male) |
| 9:55 | Build | Archery Range |
| 10:08 | Queue | Villager (Male) |
| 10:20 | Build | House |
| 10:32 | Research | Double-Bit Axe |
| 10:32 | Research | Double-Bit Axe |
| 10:46 | Queue | Archer |
| 10:50 | Build | House |
| 11:09 | Queue | Archer |
| 11:25 | Queue | Archer |
| 11:37 | Build | Palisade Wall |
| 11:38 | Build | Palisade Wall |
| 11:51 | Build | Mill |
| 12:01 | Build | Palisade Wall |
| 12:01 | Build | Palisade Wall |
| 12:12 | Build | Blacksmith |
| 12:15 | Queue | Archer |
| 12:49 | Build | Palisade Wall |
| 12:57 | Build | Palisade Wall |
| 13:09 | Research | Fletching |
| 13:10 | Research | Fletching |
| 13:21 | Build | Palisade Wall |
| 13:24 | Build | Palisade Wall |
| 13:29 | Queue | Archer |
| 13:38 | Build | Palisade Wall |
| 13:40 | Build | Palisade Wall |
| 13:54 | Build | Town Center |
| 14:01 | Queue | Archer |
| 14:40 | Queue | Archer |
| 14:40 | Queue | Archer |
| 15:04 | Queue | Villager (Male) |
| 15:04 | Queue | Villager (Male) |
| 15:04 | Queue | Villager (Male) |
| 15:36 | Queue | Archer |
| 15:37 | Queue | Villager (Male) |
| 15:37 | Queue | Villager (Male) |
| 15:47 | Queue | Archer |
| 15:53 | Queue | Villager (Male) |
| 16:17 | Build | Farm |
| 16:18 | Build | Farm |
| 16:19 | Build | Farm |
| 16:20 | Queue | Villager (Male) |
| 16:21 | Queue | Archer |
| 16:25 | Queue | Villager (Male) |
| 16:28 | Queue | Villager (Male) |
| 16:31 | Build | House |
| 16:32 | Build | House |
| 16:42 | Research | Town Watch |
| 16:44 | Queue | Archer |
| 16:57 | Build | Farm |
| 16:59 | Queue | Villager (Male) |
| 17:23 | Queue | Archer |
| 17:40 | Build | House |
| 17:41 | Build | House |
| 17:53 | Queue | Villager (Male) |
| 17:59 | Queue | Archer |
| 17:59 | Queue | Villager (Male) |
| 18:02 | Build | Market |
| 18:04 | Build | Farm |
| 18:05 | Build | Farm |
| 18:43 | Queue | Villager (Male) |
| 18:45 | Build | Stable |
| 19:14 | Queue | Villager (Male) |
| 19:16 | Build | Farm |
| 19:19 | Queue | Archer |
| 19:28 | Queue | Villager (Male) |
| 19:29 | Queue | Archer |
| 19:31 | Build | Farm |
| 19:34 | Build | Farm |
| 19:36 | Build | Farm |
| 19:40 | Queue | Villager (Male) |
| 19:42 | Queue | Archer |
| 20:07 | Build | Farm |
| 20:09 | Build | Farm |
| 20:33 | Queue | Archer |
| 20:35 | Queue | Villager (Male) |
| 20:35 | Queue | Villager (Male) |
| 20:57 | Queue | Villager (Male) |
| 21:04 | Queue | Villager (Male) |
| 21:05 | Build | Market |
| 21:08 | Build | Farm |
| 21:48 | Queue | Archer |
| 21:53 | Build | Lumber Camp |
| 22:14 | Queue | Villager (Male) |
| 23:01 | Queue | Villager (Male) |
| 23:07 | Queue | Villager (Male) |
| 23:18 | Build | Lumber Camp |
Match timeline
| 6:59 | DolunaK · wall_segment Palisade Wall x3 |
| 7:27 | Guthrie_Govan · wall_segment Palisade Wall x1 |
| 8:00 | DolunaK · first_building Barracks |
| 8:01 | DolunaK · age_up feudal |
| 8:08 | DolunaK · wall_segment Palisade Wall x1 |
| 8:08 | DolunaK · wall_segment Palisade Wall x1 |
| 8:11 | DolunaK · wall_segment Palisade Wall x1 |
| 9:22 | Guthrie_Govan · wall_segment Palisade Wall x1 |
| 9:26 | Guthrie_Govan · wall_segment Palisade Wall x1 |
| 9:30 | Guthrie_Govan · wall_segment Palisade Wall x1 |
| 9:31 | Guthrie_Govan · wall_segment Palisade Wall x1 |
| 9:55 | DolunaK · first_building Archery Range |
| 10:27 | Guthrie_Govan · wall_segment Palisade Wall x1 |
| 10:29 | Guthrie_Govan · wall_segment Palisade Wall x1 |
| 11:05 | Guthrie_Govan · wall_segment Palisade Wall x1 |
| 11:06 | Guthrie_Govan · wall_segment Palisade Wall x1 |
| 11:37 | DolunaK · wall_segment Palisade Wall x1 |
| 11:38 | DolunaK · wall_segment Palisade Wall x1 |
| 12:01 | DolunaK · wall_segment Palisade Wall x1 |
| 12:01 | DolunaK · wall_segment Palisade Wall x1 |
| 12:49 | DolunaK · wall_segment Palisade Wall x1 |
| 12:57 | DolunaK · wall_segment Palisade Wall x1 |
| 13:21 | DolunaK · wall_segment Palisade Wall x1 |
| 13:24 | DolunaK · wall_segment Palisade Wall x1 |
| 13:38 | DolunaK · wall_segment Palisade Wall x1 |
| 13:40 | DolunaK · wall_segment Palisade Wall x1 |
| 14:44 | Guthrie_Govan · age_up feudal |
| 15:15 | Guthrie_Govan · first_building Barracks |
| 15:20 | Guthrie_Govan · wall_segment Palisade Wall x1 |
| 15:29 | Guthrie_Govan · wall_segment Palisade Wall x1 |
| 15:34 | Guthrie_Govan · wall_segment Palisade Wall x1 |
| 15:35 | Guthrie_Govan · wall_segment Palisade Wall x1 |
| 15:43 | Guthrie_Govan · wall_segment Palisade Wall x1 |
| 15:44 | Guthrie_Govan · wall_segment Palisade Wall x1 |
| 15:45 | Guthrie_Govan · wall_segment Palisade Wall x1 |
| 15:49 | Guthrie_Govan · wall_segment Palisade Wall x1 |
| 15:55 | Guthrie_Govan · wall_segment Palisade Wall x1 |
| 15:55 | Guthrie_Govan · wall_segment Palisade Wall x1 |
| 15:56 | Guthrie_Govan · wall_segment Palisade Wall x1 |
| 16:18 | Guthrie_Govan · wall_segment Palisade Wall x1 |
| 16:19 | Guthrie_Govan · wall_segment Palisade Wall x1 |
| 16:20 | Guthrie_Govan · wall_segment Palisade Wall x1 |
| 16:21 | Guthrie_Govan · wall_segment Palisade Wall x1 |
| 16:21 | Guthrie_Govan · wall_segment Palisade Wall x1 |
| 16:42 | Guthrie_Govan · first_building Archery Range |
| 17:47 | Guthrie_Govan · wall_segment Palisade Wall x1 |
| 17:55 | Guthrie_Govan · wall_segment Palisade Wall x1 |
| 18:45 | DolunaK · first_building Stable |
| 22:31 | Guthrie_Govan · wall_segment Stone Wall x1 |
| 22:45 | Guthrie_Govan · wall_segment Stone Wall x1 |
| 23:04 | Guthrie_Govan · wall_segment Stone Wall x1 |
| 23:06 | Guthrie_Govan · wall_segment Stone Wall x1 |
| 23:24 | Guthrie_Govan · resign |
[ AI ANALYSIS · 1 CREDIT ]
What really happened in this match?
Wolo.gg analyzes every decision: build order, eco, micro, common mistakes by bracket. Personalized analysis on WhatsApp or Discord in 30 seconds.
Civ guide
Mongols
Perfil
Jugador #4224302